 Dungeon Crawl Stone Soup version 0.22-a0-274-gf8199ec (webtiles) character file.

3934 tidbits the Martial Artist (level 10, -6/76 HPs)
             Began as a Gnoll Transmuter on Mar 14, 2018.
             Was an Initiate of Cheibriados.
             Mangled by a two-headed ogre
             ... wielding a +0 giant spiked club
              (12 damage)
             ... on level 8 of the Dungeon.
             The game lasted 00:17:47 (2144 turns).

tidbits the Martial Artist (Gnoll Transmuter)       Turns: 2144, Time: 00:17:48

Health: -6/76      AC:  4    Str: 18    XL:     10   Next: 21%
Magic:  10/20      EV: 16    Int: 20    God:    Cheibriados [......]
Gold:   328        SH:  0    Dex: 17    Spells: 5/23 levels left

rFire    . . .     SeeInvis .     - Unarmed
rCold    . . .     Gourm    .   (shield currently unavailable)
rNeg     . . .     Faith    .   B - +1 leather armour "Imuucriv" {Str+5}
rPois    .         Spirit   .   (helmet restricted)
rElec    .         Reflect  .   (no cloak)
rCorr    .         Harm     .   (gloves currently unavailable)
MR       .....                  (no boots)
Stlth    +++.......             (no amulet)
HPRegen  0.22/turn              (no ring)
MPRegen  0.17/turn              (no ring)

@: blade hands, very slightly contaminated, very slow
A: distributed training, antennae 1, fangs 1, blurry vision 1, MP-powered wands,
strong nose
a: End Transformation, Bend Time, Renounce Religion


You were on level 8 of the Dungeon.
You worshipped Cheibriados.
Cheibriados was noncommittal.
You were hungry.
You had blades for hands.
You visited 1 branch of the dungeon, and saw 9 of its levels.

You collected 328 gold pieces.

Inventory:

Hand Weapons
 f - a +0 dagger
 j - a +2 flail of draining
   (You took it off an orc on level 3 of the Dungeon)
 n - a +0 war axe
 o - a +0 arbalest
 q - a +0 demon trident of pain (melded)
   (You found it on level 8 of the Dungeon)
 s - a +0 blowgun
 u - a +0 blowgun
Missiles
 a - 96 arrows
 i - 48 stones (quivered)
 p - 8 javelins
 t - 36 poisoned needles
Armour
 b - a +0 robe
 k - a +0 ring mail of cold resistance
   (You found it on level 4 of the Dungeon)
 B - the +1 leather armour "Imuucriv" (worn) {Str+5}
   (You found it on level 4 of the Dungeon)

   It affects your strength (+5).
Wands
 v - a wand of iceblast (1)
Scrolls
 c - a scroll of fear
 e - a scroll of random uselessness
 g - 4 scrolls of teleportation
 h - a scroll of remove curse
 m - 2 scrolls of enchant armour
 x - a scroll of magic mapping {unknown}
Potions
 l - 2 potions of resistance {unknown}
 r - a potion of curing
 w - a potion of brilliance {unknown}
Comestibles
 d - 12 rations


   Skills:
 + Level 5.6 Fighting
 + Level 5.0 Short Blades
 + Level 5.0 Long Blades
 + Level 5.0 Axes
 + Level 5.0 Maces & Flails
 + Level 5.0 Polearms
 + Level 5.0 Staves
 + Level 5.0 Slings
 + Level 5.0 Bows
 + Level 5.0 Crossbows
 + Level 5.0 Throwing
 + Level 5.0 Armour
 + Level 6.8 Dodging
 + Level 5.0 Stealth
 + Level 5.0 Shields
 + Level 8.3 Unarmed Combat
 + Level 7.1 Spellcasting
 + Level 4.1 Conjurations
 + Level 4.1 Hexes
 + Level 4.1 Charms
 + Level 4.1 Summonings
 + Level 4.1 Necromancy
 + Level 4.1 Translocations
 + Level 5.6 Transmutations
 + Level 4.1 Fire Magic
 + Level 4.1 Ice Magic
 + Level 4.1 Air Magic
 + Level 4.1 Earth Magic
 + Level 4.1 Poison Magic
 + Level 5.4 Invocations
 + Level 5.0 Evocations


You had 5 spell levels left.
You knew the following spells:

 Your Spells              Type           Power        Failure   Level  Hunger
c - Confuse               Hex            ###.....     36%         3    #......
e - Beastly Appendage     Tmut           ####..       16%         1    None
h - Blade Hands           Tmut           ####......   71%         5    #####..
i - Ice Form              Ice/Tmut       ####....     54%         4    ###....
k - Sticks to Snakes      Tmut           ####....     19%         2    None
p - Spider Form           Tmut/Pois      ####......   30%         3    #......


Dungeon Overview and Level Annotations

Branches:
Dungeon (9/15)
 Temple: D:4-7         Lair: D:8-11         Orc: D:9-12

Altars:
Ashenzari
Cheibriados
Elyvilon
Fedhas
Gozag
Trog
Uskayaw
Yredelemnul
Zin

Shops:
D:4 }

Annotations:
D:7 B1inky's ghost, novice VSFi


Innate Abilities, Weirdness & Mutations

Your experience applies equally to all skills.
You have very sharp teeth.
Your uncanny sense of smell can sniff out nearby items.
You have a pair of small antennae on your head.
Scrolls take you a little longer to read.
You expend magic power (3 MP) to strengthen your wands.


Message History

You hit the scorpion.
The scorpion looks as sick as possible!
The scorpion is almost dead.
You feel sick.
You kill the scorpion!
Cheibriados appreciates the change of pace.
You feel sick.
You see here a scorpion corpse.
You feel sick.
You feel sick.
You feel sick.
You feel sick.
You feel sick.
You feel sick.
You open the door.
You feel sick.
Found a rapier.
You feel sick.
There is an open door here.
You feel sick.
Found a potion of curing.
You feel sick.
You feel sick.
You feel sick.
You feel sick.
You feel sick.
You feel sick.
You see here a potion of curing.
r - a potion of curing Your transformation is almost over.
You open the door.
You feel sick.
Found a copper wand.
There is an open door here.
You feel sick.
You see here a wand of iceblast (1).
v - a wand of iceblast (1)
You feel sick.
There is an open door here.
Your transformation has ended.
Your +0 demon trident of pain unmelds from your body.
The +1 leather armour "Imuucriv" {Str+5} unmelds from your body.
Pain shudders through your arm!
You feel sick.
Found a scroll labeled SEZEF ONEET.
You feel sick.
You are no longer poisoned.
You see here a scroll labeled SEZEF ONEET.
x - a scroll labeled SEZEF ONEET You open the door.
A two-headed ogre and 2 howler monkeys come into view.
The howler monkey howls!
The two-headed ogre shouts in stereo!
You hear a howl!
You hear an angry hiss.
A howler monkey comes into view.
Casting: Spider Form (safe; 4% risk of failure)
Confirm with . or Enter, or press ? or * to list all spells.
Your hands turn into razor-sharp scythe blades.
Your +0 demon trident of pain melds into your body.
You are feeling hungry.
Casting: Blade Hands (very dangerous; 73% risk of failure)
Confirm with . or Enter, or press ? or * to list all spells.
You create a snake!
You now have 96 arrows.
The howler monkey hoots and howls with incredible vigour! x2
An iguana comes into view.
Casting: Sticks to Snakes (safe; 19% risk of failure)
Confirm with . or Enter, or press ? or * to list all spells.
You miscast Sticks to Snakes.
You are very lightly contaminated with residual magic.
Waves of light ripple over your body.
The iguana moves out of view.
You slice the howler monkey!!
You kill the howler monkey!
Cheibriados appreciates the change of pace.
Your Short Blades skill increases to level 5!
Your Long Blades skill increases to level 5!
Your Axes skill increases to level 5!
Your Maces & Flails skill increases to level 5!
Your Polearms skill increases to level 5!
Your Staves skill increases to level 5!
Your Slings skill increases to level 5!
Your Bows skill increases to level 5!
Your Crossbows skill increases to level 5!
Your Throwing skill increases to level 5!
Your Armour skill increases to level 5!
Your Stealth skill increases to level 5!
Your Shields skill increases to level 5!
Your Evocations skill increases to level 5!
You slice the howler monkey!!
You kill the howler monkey!
Cheibriados appreciates the change of pace.
Casting: Sticks to Snakes (safe; 19% risk of failure)
Confirm with . or Enter, or press ? or * to list all spells.
You miscast Sticks to Snakes.
Your hair momentarily turns into snakes!
You hit the two-headed ogre. You bite the two-headed ogre.
The two-headed ogre is lightly wounded.
The two-headed ogre hits you with a giant spiked club!!
* * * LOW HITPOINT WARNING * * *
The two-headed ogre closely misses you.
You hit the two-headed ogre.
The two-headed ogre is lightly wounded.
The two-headed ogre hits you with a giant spiked club!!
* * * LOW HITPOINT WARNING * * *
The two-headed ogre hits you with a giant club!
You die...

#######...).....#.......#
#...............#.......#
#...............#.......#
#....##....######.......#
#....####### #......†#
#....##....# #........
#..........# #........
#..........# #........
#.......@S.# #........
#########O## #........
{l.# #........ ∆ ....
######### .....∆ .......
....... .......


You could see a two-headed ogre, an iguana and a friendly ball python.

Vanquished Creatures
  2 two-headed ogres
  4 yaks (D:9)
  A hungry ghost (D:7)
  2 steam dragons (D:7)
  The ghost of nikopol the Firebug, an amateur DEFE (D:4)
  2 phantoms
  2 orc warriors
  A black bear (D:5)
  2 ogres
  3 centaurs
  A big kobold (D:7)
  A bullfrog (D:5)
  A scorpion (D:8)
  2 crimson imps
  3 howler monkeys
  A quasit (D:6)
  A hound (D:6)
  An orc priest (D:7)
  A bullfrog skeleton (D:6)
  2 iguanas
  2 worker ants (D:6)
  4 orc wizards
  A hound skeleton (D:4)
  3 adders
  An adder zombie (D:7)
  A worm (D:4)
  2 dart slugs (D:1)
  8 leopard geckos
  13 orcs
  3 bats (D:1)
  3 giant cockroaches
  3 goblins (D:1)
  4 hobgoblins
  4 jackals
  11 kobolds
  2 quokkas (D:4)
  A ball python (D:6)
  6 frilled lizards
  A jackal zombie (D:6)
  A leopard gecko skeleton (D:6)
  A rat (D:1)
109 creatures vanquished.

Vanquished Creatures (collateral kills)
  A scorpion (D:4)
  A bullfrog zombie (D:4)
  A bullfrog skeleton (D:6)
  An adder (D:4)
  A worm (D:4)
5 creatures vanquished.

Grand Total: 114 creatures vanquished

Notes
Turn   | Place    | Note
-------+----------+-------------------------------------------
     0 | D:1      | tidbits the Gnoll Transmuter began the quest for the Orb.
     0 | D:1      | Reached XP level 1. HP: 17/17 MP: 6/6
    53 | D:1      | Reached XP level 2. HP: 19/23 MP: 7/7
    57 | D:1      | Learned a level 2 spell: Sticks to Snakes
   250 | D:4      | Noticed a scorpion
   257 | D:4      | Killed a scorpion
   257 | D:4      | Reached skill level 1 in Short Blades
   257 | D:4      | Reached skill level 1 in Long Blades
   257 | D:4      | Reached skill level 1 in Axes
   257 | D:4      | Reached skill level 1 in Maces & Flails
   257 | D:4      | Reached skill level 1 in Polearms
   257 | D:4      | Reached skill level 1 in Staves
   257 | D:4      | Reached skill level 1 in Slings
   257 | D:4      | Reached skill level 1 in Bows
   257 | D:4      | Reached skill level 1 in Crossbows
   257 | D:4      | Reached skill level 1 in Throwing
   257 | D:4      | Reached skill level 1 in Armour
   257 | D:4      | Reached skill level 1 in Stealth
   257 | D:4      | Reached skill level 1 in Shields
   257 | D:4      | Reached skill level 5 in Spellcasting
   257 | D:4      | Reached skill level 1 in Invocations
   257 | D:4      | Reached skill level 1 in Evocations
   257 | D:4      | Reached XP level 3. HP: 15/28 MP: 4/9
   257 | D:4      | Reached XP level 4. HP: 18/34 MP: 4/11
   262 | D:4      | Learned a level 3 spell: Spider Form
   262 | D:4      | Gained mutation: Scrolls take you a little longer to read. [potion of mutation]
   262 | D:4      | Gained mutation: You expend magic power (3 MP) to strengthen your wands. [potion of mutation]
   262 | D:4      | Gained mutation: You have a pair of small antennae on your head. [potion of mutation]
   274 | D:4      | Learned a level 4 spell: Ice Form
   301 | D:4      | Found a shattered altar of Ashenzari.
   325 | D:4      | Reached skill level 1 in Conjurations
   325 | D:4      | Reached skill level 1 in Hexes
   325 | D:4      | Reached skill level 1 in Charms
   325 | D:4      | Reached skill level 1 in Summonings
   325 | D:4      | Reached skill level 1 in Necromancy
   325 | D:4      | Reached skill level 1 in Translocations
   325 | D:4      | Reached skill level 1 in Fire Magic
   325 | D:4      | Reached skill level 1 in Ice Magic
   325 | D:4      | Reached skill level 1 in Air Magic
   325 | D:4      | Reached skill level 1 in Earth Magic
   325 | D:4      | Reached skill level 1 in Poison Magic
   348 | D:4      | Reached XP level 5. HP: 17/40 MP: 4/12
   415 | D:5      | Entered Level 5 of the Dungeon
   444 | D:5      | Reached skill level 3 in Fighting
   554 | D:5      | Reached skill level 4 in Transmutations
   598 | D:4      | Noticed a phantom
   622 | D:4      | Killed a phantom
   622 | D:4      | Reached skill level 2 in Invocations
   622 | D:4      | Reached XP level 6. HP: 38/47 MP: 3/14
   650 | D:4      | Got a faintly humming leather armour
   661 | D:4      | Identified the +1 leather armour "Imuucriv" {Str+5} (You found it on level 4 of the Dungeon)
   683 | D:3      | Reached skill level 5 in Dodging
   761 | D:3      | Found a bloodstained altar of Trog.
   837 | D:4      | Found Cyhonijec's Gadget Shoppe.
   844 | D:4      | Noticed nikopol's ghost (amateur DEFE)
   862 | D:4      | Killed nikopol's ghost
   862 | D:4      | Reached skill level 2 in Short Blades
   862 | D:4      | Reached skill level 2 in Long Blades
   862 | D:4      | Reached skill level 2 in Axes
   862 | D:4      | Reached skill level 2 in Maces & Flails
   862 | D:4      | Reached skill level 2 in Polearms
   862 | D:4      | Reached skill level 2 in Staves
   862 | D:4      | Reached skill level 2 in Slings
   862 | D:4      | Reached skill level 2 in Bows
   862 | D:4      | Reached skill level 2 in Crossbows
   862 | D:4      | Reached skill level 2 in Throwing
   862 | D:4      | Reached skill level 2 in Armour
   862 | D:4      | Reached skill level 2 in Stealth
   862 | D:4      | Reached skill level 2 in Shields
   862 | D:4      | Reached skill level 2 in Evocations
   886 | D:6      | Noticed a black bear
   894 | D:5      | Reached XP level 7. HP: 40/52 MP: 5/15
   897 | D:5      | Reached skill level 7 in Unarmed Combat
   911 | D:6      | Reached skill level 2 in Conjurations
   911 | D:6      | Reached skill level 2 in Hexes
   911 | D:6      | Reached skill level 2 in Charms
   911 | D:6      | Reached skill level 2 in Summonings
   911 | D:6      | Reached skill level 2 in Necromancy
   911 | D:6      | Reached skill level 2 in Translocations
   911 | D:6      | Reached skill level 2 in Fire Magic
   911 | D:6      | Reached skill level 2 in Ice Magic
   911 | D:6      | Reached skill level 2 in Air Magic
   911 | D:6      | Reached skill level 2 in Earth Magic
   911 | D:6      | Reached skill level 2 in Poison Magic
   961 | D:6      | Reached skill level 3 in Invocations
  1114 | D:6      | Reached XP level 8. HP: 58/60 MP: 9/16
  1140 | D:6      | Reached skill level 4 in Fighting
  1235 | D:6      | Reached skill level 3 in Short Blades
  1235 | D:6      | Reached skill level 3 in Long Blades
  1235 | D:6      | Reached skill level 3 in Axes
  1235 | D:6      | Reached skill level 3 in Maces & Flails
  1235 | D:6      | Reached skill level 3 in Polearms
  1235 | D:6      | Reached skill level 3 in Staves
  1235 | D:6      | Reached skill level 3 in Slings
  1235 | D:6      | Reached skill level 3 in Bows
  1235 | D:6      | Reached skill level 3 in Crossbows
  1235 | D:6      | Reached skill level 3 in Throwing
  1235 | D:6      | Reached skill level 3 in Armour
  1235 | D:6      | Reached skill level 3 in Stealth
  1235 | D:6      | Reached skill level 3 in Shields
  1235 | D:6      | Reached skill level 3 in Evocations
  1259 | D:6      | Found a blossoming altar of Fedhas.
  1321 | D:6      | Noticed a two-headed ogre
  1347 | D:6      | Killed a two-headed ogre
  1347 | D:6      | Reached skill level 6 in Spellcasting
  1347 | D:6      | Reached skill level 3 in Conjurations
  1347 | D:6      | Reached skill level 3 in Hexes
  1347 | D:6      | Reached skill level 3 in Charms
  1347 | D:6      | Reached skill level 3 in Summonings
  1347 | D:6      | Reached skill level 3 in Necromancy
  1347 | D:6      | Reached skill level 3 in Translocations
  1347 | D:6      | Reached skill level 3 in Fire Magic
  1347 | D:6      | Reached skill level 3 in Ice Magic
  1347 | D:6      | Reached skill level 3 in Air Magic
  1347 | D:6      | Reached skill level 3 in Earth Magic
  1347 | D:6      | Reached skill level 3 in Poison Magic
  1347 | D:6      | Reached skill level 4 in Invocations
  1356 | D:6      | Reached skill level 6 in Dodging
  1356 | D:6      | Reached XP level 9. HP: 24/66 MP: 14/18
  1370 | D:6      | Reached skill level 5 in Transmutations
  1484 | D:7      | Noticed a two-headed ogre
  1558 | D:7      | Killed a two-headed ogre
  1558 | D:7      | Reached skill level 5 in Fighting
  1558 | D:7      | Reached skill level 4 in Short Blades
  1558 | D:7      | Reached skill level 4 in Long Blades
  1558 | D:7      | Reached skill level 4 in Axes
  1558 | D:7      | Reached skill level 4 in Maces & Flails
  1558 | D:7      | Reached skill level 4 in Polearms
  1558 | D:7      | Reached skill level 4 in Staves
  1558 | D:7      | Reached skill level 4 in Slings
  1558 | D:7      | Reached skill level 4 in Bows
  1558 | D:7      | Reached skill level 4 in Crossbows
  1558 | D:7      | Reached skill level 4 in Throwing
  1558 | D:7      | Reached skill level 4 in Armour
  1558 | D:7      | Reached skill level 4 in Stealth
  1558 | D:7      | Reached skill level 4 in Shields
  1558 | D:7      | Reached skill level 4 in Evocations
  1645 | D:7      | Reached skill level 8 in Unarmed Combat
  1736 | D:7      | Reached skill level 5 in Invocations
  1814 | D:7      | Found a hide-covered altar of Uskayaw.
  1814 | D:7      | Noticed B1inky's ghost (novice VSFi)
  1817 | D:7      | Found a bloodstained altar of Trog.
  1827 | D:7      | Found a white marble altar of Elyvilon.
  1827 | D:7      | Found a glowing silver altar of Zin.
  1829 | D:7      | Found a basalt altar of Yredelemnul.
  1830 | D:7      | Found an opulent altar of Gozag.
  1849 | D:7      | Noticed a dagger
  1849 | D:7      | Noticed a dagger
  1860 | D:6      | Found a snail-covered altar of Cheibriados.
  1865 | D:6      | Became a worshipper of Cheibriados the Contemplative
  1891 | D:6      | Learned a level 3 spell: Confuse
  1897 | D:6      | Learned a level 5 spell: Blade Hands
  1970 | D:9      | Reached XP level 10. HP: 53/74 MP: 9/20
  1973 | D:9      | Reached skill level 7 in Spellcasting
  1976 | D:9      | Reached skill level 4 in Conjurations
  1976 | D:9      | Reached skill level 4 in Hexes
  1976 | D:9      | Reached skill level 4 in Charms
  1976 | D:9      | Reached skill level 4 in Summonings
  1976 | D:9      | Reached skill level 4 in Necromancy
  1976 | D:9      | Reached skill level 4 in Translocations
  1976 | D:9      | Reached skill level 4 in Fire Magic
  1976 | D:9      | Reached skill level 4 in Ice Magic
  1976 | D:9      | Reached skill level 4 in Air Magic
  1976 | D:9      | Reached skill level 4 in Earth Magic
  1976 | D:9      | Reached skill level 4 in Poison Magic
  2136 | D:8      | Noticed a two-headed ogre
  2140 | D:8      | Reached skill level 5 in Short Blades
  2140 | D:8      | Reached skill level 5 in Long Blades
  2140 | D:8      | Reached skill level 5 in Axes
  2140 | D:8      | Reached skill level 5 in Maces & Flails
  2140 | D:8      | Reached skill level 5 in Polearms
  2140 | D:8      | Reached skill level 5 in Staves
  2140 | D:8      | Reached skill level 5 in Slings
  2140 | D:8      | Reached skill level 5 in Bows
  2140 | D:8      | Reached skill level 5 in Crossbows
  2140 | D:8      | Reached skill level 5 in Throwing
  2140 | D:8      | Reached skill level 5 in Armour
  2140 | D:8      | Reached skill level 5 in Stealth
  2140 | D:8      | Reached skill level 5 in Shields
  2140 | D:8      | Reached skill level 5 in Evocations
  2144 | D:8      | HP: 6/76 [two-headed ogre/giant spiked club (19)]
  2144 | D:8      | Mangled by a two-headed ogre

Vault maps used:
D:1:      minmay_arrival_diagonal_passages
D:3:      first_ration, trog_book, uniq_grinder
D:4:      serial_shops, kennysheep_mini_moat, ashenzari_altar_1
D:5:      minmay_temple_entry_fiery, minmay_lizard_king
D:6:      lemuel_upstairs_altar, fedhas_altar_1
D:7:      cheibrodos_steamvent, minitemple, dancing_weapons_uskayaw,
          grunt_temple_overflow_diamond
D:8:      serial_shops, shop, david_nohive_1
D:9:      slow_altar_2

Skill      XL: |  1  2  3  4  5  6  7  8  9 10 |
---------------+-------------------------------+-----
Short Blades   | 1 2 3 4 5 |  5.0
Long Blades    | 1 2 3 4 5 |  5.0
Axes           | 1 2 3 4 5 |  5.0
Maces & Flails | 1 2 3 4 5 |  5.0
Polearms       | 1 2 3 4 5 |  5.0
Staves         | 1 2 3 4 5 |  5.0
Slings         | 1 2 3 4 5 |  5.0
Bows           | 1 2 3 4 5 |  5.0
Crossbows      | 1 2 3 4 5 |  5.0
Throwing       | 1 2 3 4 5 |  5.0
Armour         | 1 2 3 4 5 |  5.0
Stealth        | 1 2 3 4 5 |  5.0
Shields        | 1 2 3 4 5 |  5.0
Spellcasting   | 5 6 7 |  7.1
Invocations    | 1 2 3 4 5 |  5.4
Evocations     | 1 2 3 4 5 |  5.0
Conjurations   | 1 2 3 4 |  4.1
Hexes          | 1 2 3 4 |  4.1
Charms         | 1 2 3 4 |  4.1
Summonings     | 1 2 3 4 |  4.1
Necromancy     | 1 2 3 4 |  4.1
Translocations | 1 2 3 4 |  4.1
Fire Magic     | 1 2 3 4 |  4.1
Ice Magic      | 1 2 3 4 |  4.1
Air Magic      | 1 2 3 4 |  4.1
Earth Magic    | 1 2 3 4 |  4.1
Poison Magic   | 1 2 3 4 |  4.1
Fighting       | 3 4 5 |  5.6
Transmutations | 4 5 |  5.6
Dodging        | 5 6 |  6.8
Unarmed Combat | 7 8 |  8.3

Action                   |  1- 3 |  4- 6 |  7- 9 | 10-12 || total
-------------------------+-------+-------+-------+-------++-------
Melee: Unarmed           |    36 |    94 |   162 |    22 ||   314
       Headbutt          |     7 |       |       |       ||     7
       Kick              |     5 |       |       |       ||     5
       Bite              |     4 |       |     1 |     1 ||     6
       Punch             |     1 |       |       |       ||     1
       Demon trident     |       |       |    10 |     2 ||    12
 Cast: Beastly Appendage |     6 |       |       |       ||     6
       Sticks to Snakes  |     1 |     7 |    13 |     1 ||    22
       Spider Form       |       |    16 |    17 |     1 ||    34
       Blade Hands       |       |       |     1 |     2 ||     3
  Use: Potion            |       |     3 |     1 |       ||     4
       Scroll            |       |     1 |     4 |       ||     5
 Stab: Sleeping          |     1 |     3 |     2 |       ||     6
       Distracted        |       |     1 |     3 |       ||     4
       Invisible         |       |     1 |       |       ||     1
  Eat: Chunk             |       |       |     7 |     1 ||     8
Armor: Robe              |     3 |       |       |       ||     3
       Skin              |       |     1 |     6 |       ||     7
       Leather armour    |       |       |     3 |       ||     3
Dodge: Dodged            |    19 |    71 |   174 |     9 ||   273

Table legend:
 A = Spawn XP
 B = Non-spawn XP
 C = Spawn XP percentage of total XP
 D = Spawn monster count
 E = Non-spawn monster count
 F = Spawn count percentage of total count
 G = Total turns spent on level
                    A         B        C        D         E        F      G
               +---------+---------+-------+---------+---------+-------+---------
         Total |       0 |    5621 |   0.0 |       0 |     114 |   0.0 |  2144
               +---------+---------+-------+---------+---------+-------+---------
           D:1 |       0 |      25 |   0.0 |       0 |      12 |   0.0 |   197
           D:2 |       0 |       2 |   0.0 |       0 |       1 |   0.0 |    21
           D:3 |       0 |      19 |   0.0 |       0 |       8 |   0.0 |   147
           D:4 |       0 |     414 |   0.0 |       0 |      14 |   0.0 |   331
           D:5 |       0 |     433 |   0.0 |       0 |      21 |   0.0 |   346
           D:6 |       0 |    1613 |   0.0 |       0 |      23 |   0.0 |   430
           D:7 |       0 |    1925 |   0.0 |       0 |      24 |   0.0 |   366
           D:8 |       0 |     250 |   0.0 |       0 |       6 |   0.0 |   263
           D:9 |       0 |     940 |   0.0 |       0 |       5 |   0.0 |    43
               +---------+---------+-------+---------+---------+-------+---------

Table legend:
 A = Turns spent in this place as a percentage of turns spent in the entire game.
 B = Non-inter-level travel turns spent in this place as a percentage of non-inter-level travel turns spent in the entire game.
 C = Inter-level travel turns spent in this place as a percentage of turns spent in this place.
 D = Turns resting spent in this place as a percentage of non-inter-level travel turns spent in this place.
 E = Turns spent auto-exploring this place as a percentage of non-inter-level travel turns spent in this place.
 F = Non-inter-level travel turns spent in this place divided by the number of levels of this place that you've seen.
                   A       B       C       D       E      F
               +-------+-------+-------+-------+-------+----------------------
         Total | 100.0 | 100.0 |   1.0 |   0.0 |   0.0 | 235.8
       Dungeon | 100.0 | 100.0 |   1.0 |   0.0 |   0.0 | 235.8
               +-------+-------+-------+-------+-------+----------------------

Table legend:
 A = Kills in this place as a percentage of kills in entire the game.
 B = Kills by you in this place as a percentage of kills by you in the entire game.
 C = Kills by friends in this place as a percentage of kills by friends in the entire game.
 D = Other kills in this place as a percentage of other kills in the entire game.
 E = Experience gained in this place as a percentage of experience gained in the entire game.
 F = Experience gained in this place divided by the number of levels of this place that you have seen.
                   A       B       C       D       E      F
               +-------+-------+-------+-------+-------+----------------------
         Total | 100.0 | 100.0 | 100.0 |   N/A | 100.0 | 624.6
       Dungeon | 100.0 | 100.0 | 100.0 |   N/A | 100.0 | 624.6
               +-------+-------+-------+-------+-------+----------------------

Vault maps used:
D:1:      minmay_arrival_diagonal_passages
D:3:      first_ration, trog_book, uniq_grinder
D:4:      serial_shops, kennysheep_mini_moat, ashenzari_altar_1
D:5:      minmay_temple_entry_fiery, minmay_lizard_king
D:6:      lemuel_upstairs_altar, fedhas_altar_1
D:7:      cheibrodos_steamvent, minitemple, dancing_weapons_uskayaw,
          grunt_temple_overflow_diamond
D:8:      serial_shops, shop, david_nohive_1
D:9:      slow_altar_2
